Map: Frozen Temple

Players

Suppy

  • Race: Zerg Zerg
  • League: Master

Bails - Winner!

  • Race: Protoss Protoss
  • League: Grandmaster

Event: Cheesadelphia Summer 2016

VOD

Have the link to the VOD?

Description

Time

  • Played on: July 23, 2016, 7:31 p.m.
  • Length: 9:58

All games in this series

Show
View Real Time Build Order
Export as new Build Order

Suppy Zerg 

Build Orders: Pool First 

Get SALT Encoding   

  12  0:00  Drone  
  13  0:12  Overlord  
  13  0:17  Drone  
  14  0:31  Drone x2  
  14  0:34  Drone  
  17  0:53  Spawning Pool  
  17  0:54  Drone  
  17  1:11  Hatchery  
  16  1:14  Drone  
  17  1:19  Drone  
  18  1:27  Drone  
  18  1:29  Extractor, Overlord  
  18  1:40  Queen  
  18  1:41  Zergling x2  
  21  1:49  Overlord  
  21  2:01  Drone  
  22  2:13  Drone  
  23  2:15  Queen  
  27  2:23  Drone x2  
  27  2:35  Hatchery  
  26  2:38  Metabolic Boost  
  26  2:41  Drone  
  27  2:45  Drone  
  27  2:49  Zergling x2  
  29  2:52  Drone  
  29  2:53  Drone  
  29  2:57  Drone  
  32  3:01  Drone  
  32  3:02  Drone  
  32  3:05  Drone  
  35  3:08  Drone  
  36  3:14  Pneumatized Carapace  
  36  3:16  Drone  
  36  3:19  Drone  
  38  3:26  Zergling x6  
  41  3:31  Queen  
  43  3:35  Overlord  
  43  3:38  Drone  
  44  3:45  Overlord  
  44  3:48  Drone x4  
  47  3:52  Drone  
  49  3:56  Queen  
  49  4:01  Baneling Nest, Drone  
  51  4:04  Drone  
  51  4:05  Zergling x2  
  53  4:12  Zergling x6  
  53  4:13  Zergling x2  
  56  4:18  Zergling x8  
  60  4:25  Overlord, Queen  
  60  4:29  Zergling x4  
  64  4:33  Zergling x2  
  65  4:44  Drone x8  
  73  4:45  Baneling  
  73  4:46  Baneling x4  
  73  4:47  Baneling  
  72  4:53  Overlord  
  72  4:58  Overlord  
  64  5:03  Zergling x10  
  63  5:08  Overlord  
  60  5:17  Drone x4  
  52  5:22  Drone x2  
  52  5:25  Drone  
  52  5:32  Drone x2  
  52  5:34  Drone  
  56  5:35  Drone  
  56  5:43  Drone x3  
  56  5:46  Drone x2  
  56  5:49  Drone  
  63  5:50  Drone  
  63  5:51  Drone  
  63  5:54  Drone x2  
  66  5:59  Evolution Chamber, Drone  
  66  6:00  Drone  
  66  6:01  Drone  
  69  6:04  Drone x2  
  69  6:08  Drone  
  69  6:09  Drone x2  
  68  6:13  Zergling x8  
  68  6:18  Lair  
  72  6:19  Zergling x2  
  72  6:22  Zergling x2  
  73  6:27  Baneling x5, Extractor  
  73  6:29  Zergling x4  
  73  6:32  Baneling  
  74  6:35  Baneling  
  74  6:39  Zergling x2  
  75  6:40  Zergling x18  
  75  6:45  Drone x2  
  86  6:48  Extractor x2  
  86  6:49  Extractor x2  
  86  6:50  Drone  
  86  6:53  Overlord  
  83  6:55  Drone  
  83  6:59  Drone x4  
  88  7:02  Drone  
  88  7:04  Hatchery  
  88  7:05  Drone  
  88  7:06  Drone  
  90  7:08  Overlord  
  90  7:10  Drone x2  
  92  7:20  Drone x3  
  92  7:22  Zerg Missile Weapons Level 1  
  95  7:23  Hydralisk Den  
  95  7:26  Drone x3  
  97  7:34  Drone  
  97  7:35  Drone  
  99  7:38  Overlord  
  99  7:40  Overlord  
  99  7:45  Zergling x14  
  99  7:46  Baneling x7  
  99  7:47  Baneling x6  
  99  7:49  Centrifical Hooks  
  107  7:58  Zergling x6  
  107  7:59  Zergling x6  
  107  8:02  Hydralisk x2  
  116  8:08  Hydralisk  
  114  8:14  Hydralisk x2  
  114  8:19  Hydralisk x2  
  122  8:25  Hatchery  
  119  8:30  Baneling x11  
  119  8:38  Overlord x2  
  116  8:41  Hydralisk  
  116  8:42  Hydralisk x4  
  116  8:47  Queen  
  118  8:51  Hydralisk x3  
  118  8:52  Zergling x6  
  114  8:56  Baneling x3  
  114  8:59  Zergling x2  
  114  9:00  Zergling x6  
  113  9:05  Zergling x12  
  114  9:15  Hydralisk  
  114  9:16  Hydralisk x3, Zergling x2  
  110  9:22  Hydralisk  
  110  9:23  Zergling x4  
  92  9:29  Zergling x4  
  74  9:40  Zergling x2  
Show
View Real Time Build Order
Export as new Build Order

Bails Protoss - Winner!

Build Orders: 1 Gate Expand, Zealot Archon 

Get SALT Encoding   

  12  0:00  Probe (Chrono Boost)  
  13  0:11  Probe (Chrono Boost)  
  14  0:18  Pylon  
  14  0:21  Probe (Chrono Boost)  
  15  0:36  Probe (Chrono Boost)  
  15  0:38  Gateway  
  16  0:46  Probe (Chrono Boost)  
  16  0:48  Assimilator  
  18  0:57  Probe (Chrono Boost)  
  18  1:07  Probe (Chrono Boost)  
  19  1:18  Probe (Chrono Boost)  
  20  1:28  Nexus  
  20  1:38  Cybernetics Core  
  20  1:42  Probe (Chrono Boost)  
  21  1:48  Assimilator  
  21  1:53  Probe (Chrono Boost)  
  22  1:58  Pylon  
  22  2:03  Probe (Chrono Boost)  
  22  2:06  Warp Gate  
  23  2:12  Adept  
  23  2:21  Twilight Council  
  25  2:26  Probe (Chrono Boost)  
  27  2:37  Adept  
  27  2:38  Probe (Chrono Boost)  
  27  2:42  Probe (Chrono Boost)  
  30  2:46  Resonating Glaives  
  30  2:49  Probe (Chrono Boost)  
  31  2:53  Probe (Chrono Boost)  
  32  3:02  Probe (Chrono Boost)  
  32  3:05  Probe (Chrono Boost)  
  34  3:09  Gateway  
  34  3:15  Gateway  
  35  3:20  Probe (Chrono Boost)  
  35  3:22  Probe (Chrono Boost)  
  36  3:28  Adept  
  36  3:32  Probe (Chrono Boost)  
  40  3:34  Probe (Chrono Boost)  
  40  3:35  Pylon  
  40  3:44  Probe (Chrono Boost)  
  40  3:46  Mothership Core (Chrono Boost)  
  43  3:49  Pylon  
  44  3:56  Probe (Chrono Boost)  
  44  4:05  Robotics Facility  
  44  4:08  Probe (Chrono Boost), Adept x2  
  49  4:10  Adept  
  49  4:11  Probe (Chrono Boost)  
  52  4:21  Probe (Chrono Boost)  
  52  4:22  Probe (Chrono Boost)  
  54  4:30  Sentry  
  56  4:32  Nexus  
  56  4:35  Pylon  
  56  4:38  Probe (Chrono Boost)  
  57  4:42  Probe (Chrono Boost)  
  57  4:43  Sentry  
  57  4:44  Sentry  
  62  4:46  Pylon  
  62  4:53  Probe (Chrono Boost)  
  62  4:55  Probe (Chrono Boost)  
  64  5:02  Adept  
  64  5:05  Probe (Chrono Boost)  
  68  5:07  Probe (Chrono Boost)  
  68  5:08  Assimilator x2  
  68  5:11  Pylon  
  68  5:17  Probe (Chrono Boost)  
  68  5:19  Probe (Chrono Boost), Immortal  
  70  5:24  Nexus  
  70  5:28  Pylon  
  63  5:29  Probe (Chrono Boost)  
  63  5:30  Blink  
  63  5:31  Probe (Chrono Boost)  
  63  5:33  Adept  
  63  5:34  Adept x2  
  72  5:43  Probe (Chrono Boost)  
  72  5:44  Pylon  
  71  5:52  Pylon  
  71  5:56  Sentry x2  
  75  5:57  Adept  
  75  5:58  Warp Prism  
  75  5:59  Pylon  
  75  6:01  Pylon  
  79  6:06  Probe (Chrono Boost)  
  80  6:17  Forge  
  80  6:18  Gateway  
  80  6:19  Adept  
  80  6:20  Sentry x2  
  80  6:24  Probe (Chrono Boost)  
  80  6:25  Probe (Chrono Boost)  
  88  6:30  Immortal  
  88  6:36  Probe (Chrono Boost)  
  88  6:37  Probe x2 (Chrono Boost)  
  95  6:40  Protoss Ground Weapons Level 1  
  95  6:46  Gateway  
  96  6:48  Probe (Chrono Boost), Pylon  
  96  6:51  Photon Cannon  
  96  6:59  Photon Cannon  
  96  7:02  Pylon  
  96  7:05  Probe (Chrono Boost)  
  96  7:06  Probe x2 (Chrono Boost)  
  99  7:09  Templar Archives  
  99  7:11  Observer  
  100  7:15  Adept  
  100  7:19  Probe (Chrono Boost)  
  100  7:20  Assimilator  
  100  7:22  Assimilator  
  103  7:23  Stalker  
  103  7:25  Pylon  
  103  7:26  Stalker  
  103  7:29  Probe (Chrono Boost)  
  108  7:35  Probe (Chrono Boost)  
  110  7:37  Probe (Chrono Boost), Pylon  
  110  7:40  Stalker, Gateway  
  110  7:41  Probe (Chrono Boost)  
  113  7:46  High Templar x2  
  113  7:47  Probe (Chrono Boost), Adept  
  113  7:51  Archon  
  120  7:55  Stalker  
  120  7:57  Gateway  
  122  7:59  Gateway  
  122  8:05  Pylon  
  122  8:09  Stalker  
  122  8:10  Stalker  
  126  8:15  Probe (Chrono Boost)  
  126  8:19  Pylon, Gateway  
  127  8:21  Stalker  
  127  8:22  Gateway, Pylon  
  127  8:23  High Templar x2  
  133  8:28  Archon  
  133  8:33  Stalker x2  
  137  8:47  Sentry  
  127  8:48  Sentry  
  127  8:51  Probe (Chrono Boost)  
  126  8:57  Stalker x3  
  126  8:58  Probe (Chrono Boost)  
  133  9:07  Nexus  
  133  9:08  Photon Cannon  
  133  9:13  Stalker x3  
  133  9:16  Probe (Chrono Boost)  
  121  9:18  Probe (Chrono Boost)  
  121  9:22  Adept x3  
  117  9:28  Probe (Chrono Boost)  
  111  9:31  Probe (Chrono Boost)  
  111  9:37  Stalker x3  
  111  9:43  Stalker x2, Pylon  
Tags
 
Add a new tag
Caveats
  • Supply blocks, unpowered buildings, or Contaminate may cause inaccurate times.
  • Supply counts are checked every 10 seconds.